 Dungeon Sprint DCSS version 0.30-a0-358-g0d69a1922f (webtiles) character file.

Game seed: 7058208757592709157

620 Low2 the Cruncher (level 7, -6/80 HPs)
             Began as an Ogre Gladiator on Nov 10, 2022.
             Was an Initiate of Jiyva.
             Killed from afar by a smoke demon (36 damage)
             ... with a ball of steam
             ... summoned by a kobold demonologist
             ... in the Dungeon (Sprint I: "Red Sonja").
             The game lasted 00:04:10 (491 turns).

Low2 the Cruncher (Ogre Gladiator)                   Turns: 491, Time: 00:04:11

Health: -6/80      AC: -13   Str: 21    XL:     7   Next: 46%
Magic:  7/7        EV: 12    Int:  9    God:    Jiyva [......]
Gold:   11         SH:  0    Dex: 10    Spells: 6/6 levels left

rFire   . . .      SeeInvis .    a - +1 quarterstaff
rCold   . . .      Faith    .    (shield currently unavailable)
rNeg    . . .      Spirit   .    b - +0 robe
rPois   .          Reflect  .    c - +0 hat
rElec   .          Harm     .    (no cloak)
rCorr   .          Rampage  .    (gloves unavailable)
Will    .....      NoTele   +    (boots unavailable)
Stlth   ++........               (no amulet)
HPRegen 0.33/turn                (no ring)
MPRegen 0.10/turn                (no ring)

@: corroded
A: large, unfitting armour, tough skin 1
a: Renounce Religion


You were in the Dungeon.
You worshipped Jiyva.
Jiyva was noncommittal.
You visited 1 branch You collected 417 gold pieces.
You spent 406 gold pieces at shops.

Inventory:

Hand Weapons
 a - a +1 quarterstaff (weapon)
Armour
 b - a +0 robe (worn)
 c - a +0 hat (worn)
Wands
 l - a wand of charming (3) (quivered)
Scrolls
 e - 3 scrolls of identify
 m - a scroll of fear
 n - a scroll of fog
Potions
 d - a potion of flight
 f - a potion of curing
 h - a potion of haste
 i - 2 potions of magic
 j - a potion of berserk rage


   Skills:
 + Level 8.1 Fighting
 + Level 10.8 Staves
 + Level 5.7 Throwing
 + Level 7.7 Dodging
 + Level 2.7 Stealth


You had 6 spell levels left.
You didn't know any spells.
Your spell library was empty.

Dungeon Overview and Level Annotations

Branches:
Dungeon (1/1)

Altars:
Cheibriados
Dithmenos
Elyvilon
Fedhas
Gozag
Hepliaklqana
Kikubaaqudgha
Makhleb
Nemelex Xobeh
Okawaru
Qazlal
Ru
Sif Muna
Trog
Uskayaw
Vehumet
Wu Jian
Xom
Yredelemnul
Zin
The Shining One
Jiyva
Lugonu

Shops:
D ?


Innate Abilities, Weirdness & Mutations

You are too large for most types of armour.
You have tough skin. (AC +1)


Message History

Your bat closely misses the rust devil.
You hear a distant slurping noise.
The kobold demonologist begins to cast a cantrip, but forgets the words!
Something misses your bat.
There is an open door here.
Aiming: Charm
Press: ? - help, Q - select action Shift-Dir - straight line, f/p - rust devil
Aim: a rust devil (summoned, ally target, chance to affect: 17%)
The rust devil resists with almost no effort.
Your bat barely misses the rust devil.
Your bat hits the rust devil but does no damage.
The rust devil closely misses you.
Your frilled lizard barely misses the kobold demonologist.
Aiming: Charm
Press: ? - help, Q - select action Shift-Dir - straight line, f - kobold demonologist, p - rust devil
Aim: a kobold demonologist, wielding a +0 dagger and wearing a +0 robe (lightly wounded, ally target, chance to affect: 31%)
The rust devil resists with almost no effort.
Your bat hits the rust devil but does no damage.
Your bat barely misses the rust devil.
The demonic crawler shrieks in warning!
Your bat hits the rust devil but does no damage.
Your frilled lizard bites the kobold demonologist but does no damage.
The kobold demonologist casts a spell.
The rust devil barely misses you.
Blink to where?
Press: ? - help, Dir - move target, p - kobold demonologist A centaur warrior comes into view.
As you read the scroll of blinking, it crumbles to dust.
Your bat hits the smoke demon but does no damage.
Your bat hits the rust devil but does no damage.
Your bat barely misses the rust devil.
You hear a distant slurping noise.
Your frilled lizard bites the rust devil but does no damage.
Something completely misses your bat.
The centaur warrior wields a +0 longbow.
The centaur warrior shoots an arrow.
The arrow hits you!! The smoke demon gestures at you.
The ball of steam hits the rust devil.
The rust devil resists.
The ball of steam hits you!!!
You die...

##########################
#<.#..').#.)'..#__#3lKKss#
#..').#..'..#@§§..4.b#...#
#..#####'#####'#__####
s3... #..####..#...#.####
##.. #..#__####..##c# #
#..#_____##'#_.'
#⌠⌠#_.∩...÷..._#
####_..__##_.#'#
#_____###+#.# ####### ###


You could see a centaur warrior.

Vanquished Creatures
  A slime creature (D)
  Sigmund (D)
  A yak (D)
  An ogre (D)
  A jelly (D)
  Ijyb (D)
6 creatures vanquished.

Vanquished Creatures (others)
  2 floating eyes (D)
  7 necrophages (D)
  7 jellies (D)
16 creatures vanquished.

Grand Total: 22 creatures vanquished

Notes
Turn   | Place    | Note
-------+----------+-------------------------------------------
     0 | D        | Low2 the Ogre Gladiator began the quest for the Orb.
     0 | D        | Reached XP level 1. HP: 22/22 MP: 1/1
     2 | D        | Noticed Ijyb
     9 | D        | Killed Ijyb
    10 | D        | Reached skill level 4 in Staves
    10 | D        | Reached XP level 2. HP: 32/32 MP: 2/2
    10 | D        | Reached XP level 3. HP: 39/39 MP: 3/3
    14 | D        | Noticed an ogre
    21 | D        | Killed an ogre
    22 | D        | Reached skill level 6 in Staves
    22 | D        | Reached skill level 5 in Dodging
    22 | D        | Reached skill level 1 in Stealth
    22 | D        | Reached XP level 4. HP: 49/49 MP: 4/4
    34 | D        | Noticed Sigmund
    53 | D        | Killed Sigmund
    54 | D        | Reached skill level 8 in Staves
    54 | D        | Reached XP level 5. HP: 31/61 MP: 5/5
    54 | D        | Reached XP level 6. HP: 34/68 MP: 6/6
   179 | D        | Found an ornate altar of the Wu Jian Council.
   179 | D        | Found a shimmering blue altar of Sif Muna.
   182 | D        | Found a radiant altar of Vehumet.
   185 | D        | Reached skill level 9 in Staves
   220 | D        | Found Wiacof's Magic Scroll Emporium.
   220 | D        | Found an ancient bone altar of Kikubaaqudgha.
   220 | D        | Found a hazy altar of Hepliaklqana.
   220 | D        | Found a stormy altar of Qazlal.
   220 | D        | Found a hide-covered altar of Uskayaw.
   220 | D        | Found a blossoming altar of Fedhas.
   220 | D        | Found a bloodstained altar of Trog.
   220 | D        | Found an iron altar of Okawaru.
   220 | D        | Found a basalt altar of Yredelemnul.
   220 | D        | Found a glowing golden altar of the Shining One.
   220 | D        | Found a snail-covered altar of Cheibriados.
   220 | D        | Found a sacrificial altar of Ru.
   220 | D        | Found a glowing silver altar of Zin.
   220 | D        | Found a shadowy altar of Dithmenos.
   220 | D        | Found a white marble altar of Elyvilon.
   220 | D        | Noticed a yak
   226 | D        | Killed a yak
   227 | D        | Reached skill level 10 in Staves
   227 | D        | Reached skill level 5 in Throwing
   227 | D        | Reached XP level 7. HP: 61/78 MP: 7/7
   227 | D        | Found an opulent altar of Gozag.
   228 | D        | Found a sparkling altar of Nemelex Xobeh.
   294 | D        | Found a burning altar of Makhleb.
   294 | D        | Found a viscous altar of Jiyva.
   294 | D        | Found a shimmering altar of Xom.
   294 | D        | Found a corrupted altar of Lugonu.
   294 | D        | Noticed a slime creature
   307 | D        | Killed a slime creature
   416 | D        | Became a worshipper of Jiyva Juarer the Shapeless
   451 | D        | Bought a scroll of summoning for 133 gold pieces
   451 | D        | Bought a scroll of fear for 56 gold pieces
   451 | D        | Bought a scroll of fog for 56 gold pieces
   451 | D        | Bought a scroll of enchant weapon for 105 gold pieces
   451 | D        | Bought a scroll of identify for 28 gold pieces
   451 | D        | Bought a scroll of identify for 28 gold pieces
   468 | D        | Noticed a kobold demonologist
   472 | D        | Noticed a demonic crawler
   472 | D        | Noticed a demonic crawler
   472 | D        | Noticed a demonic crawler
   472 | D        | Noticed a demonic crawler
   472 | D        | Noticed a kobold demonologist
   476 | D        | Noticed a ynoxinul
   483 | D        | Noticed a rust devil
   491 | D        | Noticed a smoke demon
   491 | D        | Noticed a centaur warrior
   491 | D        | Killed from afar by a smoke demon

Illustrated notes

Levels and vault maps discovered:
D:        dungeon_sprint_1 [red_sonja_temple_1, red_sonja_temple_small_1]

Skill      XL: |  1  2  3  4  5  6  7 |
---------------+----------------------+-----
Fighting       | 3 4 6 7 8 |  8.1
Staves         | 4 6 8 10 | 10.8
Dodging        | 4 5 6 7 |  7.7
Throwing       | 3 4 5 |  5.7
Stealth        | 1 2 |  2.7

Action                   |  1- 3 |  4- 6 |  7- 9 || total
-------------------------+-------+-------+-------++-------
Melee: Quarterstaff      |    10 |    18 |    16 ||    44
Throw: Throwing net      |     2 |     1 |       ||     3
       Large rock        |       |     3 |     1 ||     4
Evoke: Wand              |       |       |     3 ||     3
  Use: Potion            |       |     1 |       ||     1
       Scroll            |       |       |     4 ||     4
 Stab: Held in net/web   |     2 |       |       ||     2
Armor: Robe              |       |       |     1 ||     1
Dodge: Dodged            |       |     2 |     6 ||     8

Table legend: (Time is in decaauts)
 A = Elapsed time spent in this place.
 B = Non-inter-level travel time spent in this place.
 C = Inter-level travel time spent in this place.
 D = Time resting spent in this place.
 E = Time spent auto-exploring this place.
 F = Levels seen in this place.
 G = Mean time per level.
                   A        B        C        D        E       F      G
               +--------+--------+--------+--------+--------+-----+--------+
         Total |    490 |    490 |      0 |    237 |      0 |   1 |  490.0 |
       Dungeon |    490 |    490 |      0 |    237 |      0 |   1 |  490.0 |
               +--------+--------+--------+--------+--------+-----+--------+

Top non-repeatable levels by time:
       D: 490 daAuts
